[Event "Titled Tuesday Blitz March 08 Late 2022"]
[White "Calcada, Lucas Galvan"]
[Black "Myers, Dominique"]
[WhiteFideId "22746099"]
[BlackFideId "2041715"]
[WhiteElo "1402"]
[BlackElo "1986"]
[Result "1-0"]
[Round "05"]
[TimeControl "180+1"]
[Date "2022.03.09"]
[WhiteClock "0:01:30"]
[BlackClock "0:00:34"]

1. e4 c6 2. d4 d5 3. Nc3 dxe4 4. Nxe4 Bf5 5. Ng3 Bg6 6. N1e2 e6 7. Nf4 Nd7 8. h4 Ngf6 9. h5 Bf5 10. Nxf5 Qa5+ 11. Bd2 Qxf5 12. Bd3 Qg4 13. Qxg4 Nxg4 14. f3 Ngf6 15. O-O-O h6 16. Rde1 O-O-O 17. g4 Nb6 18. c3 Bd6 19. Ne2 Bc7 20. Rhg1 Kb8 21. Ng3 e5 22. dxe5 Rxd3 23. exf6 Rxf3 24. fxg7 Rg8 25. Nf5 Nd5 26. Bxh6 Nf6 27. Bd2 Bd8 28. h6 Nh7 29. Nd6 Kc7 30. Re8 Nf6 31. Rxg8 Nxg8 32. h7 Nf6 33. h8=Q Be7 34. Nxf7 Ne4 35. g8=Q Rf2 36. Qc8+ Kb6 37. Be3+ 1-0


[Site "https://www.chess.com"]

[Event "Titled Tuesday Blitz March 08 Late 2022"]
[White "Cardoso Cardoso, Jose Gabriel"]
[Black "orkinyo12345"]
[WhiteFideId "4430492"]
[WhiteElo "2451"]
[BlackElo "2521"]
[Result "1-0"]
[Round "05"]
[TimeControl "180+1"]
[Date "2022.03.08"]
[WhiteClock "0:00:06"]
[BlackClock "0:00:03"]

1. c4 Nf6 2. Nc3 d5 3. cxd5 Nxd5 4. e4 Nxc3 5. dxc3 Qxd1+ 6. Kxd1 e5 7. Kc2 Bc5 8. f3 Be6 9. h4 h5 10. Ne2 Nd7 11. Ng3 g6 12. Be2 O-O-O 13. Nf1 f5 14. Ne3 Nf6 15. exf5 gxf5 16. Nc4 Bxc4 17. Bxc4 f4 18. Be6+ Kb8 19. Re1 Bd6 20. Bd2 Rde8 21. Bf5 Rhg8 22. Re2 Nd5 23. Rae1 Bc5 24. Be4 Ne3+ 25. Bxe3 Bxe3 26. Bd5 Rg3 27. Kd3 c6 28. Bf7 e4+ 29. fxe4 Re7 30. Bxh5 Bf2+ 31. Bf3 Bxe1 32. Rxe1 Rh7 33. Rh1 Kc7 34. e5 Kd7 35. Ke4 Ke6 36. Kxf4 Rgg7 37. Bg4+ Kd5 38. Rd1+ Kc5 39. g3 Rf7+ 40. Bf5 Rh5 41. g4 Rxh4 42. e6 Re7 43. Rd7 Re8 44. e7 Rh6 45. Ke5 Rh1 46. Kf6 Re1 47. g5 Kb6 48. g6 c5 49. Be6 Kc6 50. Rd8 1-0


[Site "https://www.chess.com"]

[Event "Titled Tuesday Blitz March 08 Late 2022"]
[White "Caruana, Fabiano"]
[Black "Praggnanandhaa R"]
[WhiteFideId "2020009"]
[BlackFideId "25059530"]
[WhiteElo "2744"]
[BlackElo "2599"]
[Result "0-1"]
[Round "05"]
[TimeControl "180+1"]
[Date "2022.03.08"]
[WhiteClock "0:00:14"]
[BlackClock "0:00:06"]

1. e4 c5 2. Nf3 e6 3. d4 cxd4 4. Nxd4 a6 5. Bd3 Bc5 6. Nb3 Ba7 7. O-O Ne7 8. Qe2 Nbc6 9. Be3 Bxe3 10. Qxe3 O-O 11. c4 d5 12. e5 b6 13. N1d2 Nb4 14. Bb1 Bb7 15. c5 d4 16. Qxd4 Qxd4 17. Nxd4 bxc5 18. N4b3 Rfd8 19. Nc4 Bd5 20. Nd6 c4 21. Na5 Nec6 22. Ndxc4 Nd4 23. a3 Nbc6 24. Nxc6 Nxc6 25. Nb6 Rab8 26. Nxd5 exd5 27. b4 Nxe5 28. Re1 Re8 29. Kf1 Kf8 30. Ba2 d4 31. Rad1 Rbd8 32. h3 g5 33. Re4 d3 34. f4 gxf4 35. Rxf4 Rd6 36. Rd2 f6 37. Kf2 Rc8 38. a4 Rc2 39. Ke3 Rc1 40. b5 axb5 41. axb5 Rb6 42. Rb4 Ke7 43. Bd5 Kd6 44. Be4 Kc5 45. Rd4 Re1+ 46. Kf2 Kxd4 47. Bxh7 Re3 48. Ra2 Nc4 49. Bg8 Rxb5 50. Bxc4 Rf5+ 51. Kg1 Kxc4 52. g4 Rfe5 53. Kf2 Re2+ 54. Rxe2 dxe2 0-1


[Site "https://www.chess.com"]

[Event "Titled Tuesday Blitz March 08 Late 2022"]
[White "Celestino, Rafael Teixeira"]
[Black "Martins, Carlos"]
[WhiteFideId "2108925"]
[BlackFideId "2101688"]
[WhiteElo "2272"]
[BlackElo "2183"]
[Result "1-0"]
[Round "05"]
[TimeControl "180+1"]
[Date "2022.03.09"]
[WhiteClock "0:00:05"]
[BlackClock "0:00:01"]

1. e4 c5 2. Nf3 e6 3. d4 cxd4 4. Nxd4 Nf6 5. Nc3 d6 6. Bd3 Nc6 7. Nf3 a6 8. O-O Qc7 9. Re1 Be7 10. Bf4 Ne5 11. Nxe5 dxe5 12. Bg3 O-O 13. a4 b6 14. Qe2 Bb7 15. f3 Bb4 16. Bh4 Nd7 17. Nd1 Bxe1 18. Qxe1 Nc5 19. Ne3 Nxd3 20. cxd3 f6 21. Nc4 Rfd8 22. a5 bxa5 23. Nxa5 Rxd3 24. Rc1 Qb6+ 25. Bf2 Qb5 26. Rc5 Qxb2 27. Rc7 Bc8 28. Nc6 Rd7 29. Ne7+ Rxe7 30. Rxe7 a5 31. Qd1 Ba6 32. h4 Qb5 33. Qd6 Qf1+ 34. Kh2 h6 35. Qxe6+ Kh8 36. Bg3 Rg8 37. Re8 Rxe8 38. Qxe8+ Kh7 39. h5 Qc4 40. Qg6+ Kh8 41. Qe8+ Qg8 42. Qc6 Bf1 43. Bf2 1-0


[Site "https://www.chess.com"]

[Event "Titled Tuesday Blitz March 08 Late 2022"]
[White "Chernomordik, Pavel"]
[Black "Pinheiro, Iung Alicio de O."]
[WhiteFideId "2804530"]
[BlackFideId "2104350"]
[WhiteElo "2249"]
[BlackElo "2612"]
[Result "0-1"]
[Round "05"]
[TimeControl "180+1"]
[Date "2022.03.09"]
[WhiteClock "0:00:01"]
[BlackClock "0:00:38"]

1. e4 c5 2. Nc3 a6 3. f4 b5 4. g3 Bb7 5. Bg2 e6 6. Qe2 Nc6 7. Nf3 d5 8. exd5 Nd4 9. Nxd4 cxd4 10. dxe6 Bxg2 11. Qxg2 dxc3 12. exf7+ Kxf7 13. dxc3 Bc5 14. Bd2 Qe8+ 15. Kd1 Nf6 16. Re1 Qd7 17. Kc1 Rad8 18. Re2 Rhe8 19. b4 Bb6 20. Rxe8 Nxe8 21. Kb2 Qxd2 22. Qb7+ Bc7 23. Qxa6 Qd7 24. Re1 Nf6 25. Qb7 Rb8 26. Qf3 Qd5 27. Qf2 Bb6 28. Qf1 Ra8 29. Ra1 Ne4 30. Qd3 Qc6 0-1


[Site "https://www.chess.com"]

[Event "Titled Tuesday Blitz March 08 Late 2022"]
[White "Chigaev, Maksim"]
[Black "Korchmar, Vasiliy"]
[WhiteFideId "4108116"]
[BlackFideId "24131750"]
[WhiteElo "2502"]
[BlackElo "2370"]
[Result "0-1"]
[Round "05"]
[TimeControl "180+1"]
[Date "2022.03.08"]
[WhiteClock "0:00:02"]
[BlackClock "0:00:54"]

1. e4 c5 2. b3 e6 3. Bb2 a6 4. Nc3 Nc6 5. Nf3 d5 6. exd5 exd5 7. d4 Nf6 8. Be2 Bg4 9. dxc5 Bxc5 10. O-O O-O 11. Ne1 Bf5 12. Nd3 Bd4 13. Bf3 Rc8 14. Re1 h6 15. h3 b5 16. a3 Qd7 17. Rb1 Rfe8 18. Rxe8+ Rxe8 19. Nb4 Nxb4 20. axb4 Qa7 21. Qd2 Rc8 22. Nxb5 Bxf2+ 23. Qxf2 Qxf2+ 24. Kxf2 Rxc2+ 25. Kg1 axb5 26. Bxf6 gxf6 27. Bxd5 Rd2 0-1


[Site "https://www.chess.com"]

[Event "Titled Tuesday Blitz March 08 Late 2022"]
[White "Chiu, Isaac"]
[Black "Dolzhykova, Kateryna"]
[WhiteFideId "30900654"]
[BlackFideId "14113414"]
[WhiteElo "2117"]
[BlackElo "2184"]
[Result "1-0"]
[Round "05"]
[TimeControl "180+1"]
[Date "2022.03.09"]
[WhiteClock "0:01:48"]
[BlackClock "0:00:21"]

1. c4 Nf6 2. e3 e6 3. g4 d5 4. g5 Ne4 5. h4 c5 6. d3 Nd6 7. Bg2 dxc4 8. dxc4 Nc6 9. b3 Bd7 10. Bb2 Qc7 11. Ne2 O-O-O 12. a3 Rg8 13. Qc2 h6 14. Nbc3 Be7 15. g6 fxg6 16. Qxg6 Ne5 17. Qc2 Bc6 18. Bxc6 Qxc6 19. O-O-O Nf5 20. Nf4 g5 21. hxg5 hxg5 22. Nfd5 Rge8 23. Nb5 Kb8 24. Bxe5+ 1-0


[Site "https://www.chess.com"]

[Event "Titled Tuesday Blitz March 08 Late 2022"]
[White "Clawitter, Craig"]
[Black "Desideri, Ricardo Maruchi"]
[WhiteFideId "2023105"]
[BlackFideId "2110440"]
[WhiteElo "2257"]
[BlackElo "1945"]
[Result "1-0"]
[Round "05"]
[TimeControl "180+1"]
[Date "2022.03.09"]
[WhiteClock "0:00:22"]
[BlackClock "0:00:03"]

1. e4 c5 2. Nc3 d6 3. f4 g6 4. Nf3 Bg7 5. Bb5+ Nc6 6. Bxc6+ bxc6 7. O-O e6 8. d3 Ne7 9. Qe1 O-O 10. Qh4 d5 11. Bd2 Rb8 12. b3 Ba6 13. Rad1 Qc7 14. f5 exf5 15. Bh6 Bxc3 16. d4 f6 17. e5 Bxf1 18. exf6 Nc8 19. Bxf8 Kxf8 20. Rxf1 Bxd4+ 21. Nxd4 cxd4 22. Qh6+ Kg8 23. Re1 1-0


[Site "https://www.chess.com"]

[Event "Titled Tuesday Blitz March 08 Late 2022"]
[White "Cori T., Deysi"]
[Black "Rangel, Daniel"]
[WhiteFideId "3801934"]
[BlackFideId "2124475"]
[WhiteElo "2341"]
[BlackElo "2225"]
[Result "1-0"]
[Round "05"]
[TimeControl "180+1"]
[Date "2022.03.09"]
[WhiteClock "0:00:10"]
[BlackClock "0:00:02"]

1. d4 Nf6 2. Nf3 g6 3. g3 Bg7 4. Bg2 O-O 5. O-O d6 6. b3 c6 7. Bb2 Bf5 8. Nbd2 Ne4 9. Nh4 Nxd2 10. Qxd2 Be6 11. e4 d5 12. Rfe1 dxe4 13. Bxe4 Bd5 14. c4 Bxe4 15. Rxe4 e6 16. Ng2 Nd7 17. h4 h5 18. Rd1 a5 19. Nf4 a4 20. Qc2 axb3 21. axb3 Ra2 22. Re2 Qa5 23. Kg2 e5 24. dxe5 Nxe5 25. Qe4 Re8 26. Nd3 Re6 27. b4 Nxd3 28. Qxd3 Rxe2 29. bxa5 Raxb2 30. Rf1 c5 31. Qd8+ Kh7 32. Qc7 Kg8 33. Qxc5 Rbd2 34. Qc8+ Kh7 35. Qxb7 Kg8 36. Qc8+ Kh7 37. Qc7 Kg8 38. a6 Bd4 39. a7 Rxf2+ 40. Rxf2 Rxf2+ 41. Kh3 Bxa7 42. Qxa7 Rf5 43. c5 Kf8 44. c6 1-0


[Site "https://www.chess.com"]

[Event "Titled Tuesday Blitz March 08 Late 2022"]
[White "Cupid, Kevin"]
[Black "Rabineau, Clement"]
[WhiteFideId "7700512"]
[BlackFideId "628891"]
[WhiteElo "2096"]
[BlackElo "2237"]
[Result "0-1"]
[Round "05"]
[TimeControl "180+1"]
[Date "2022.03.09"]
[WhiteClock "0:00:08"]
[BlackClock "0:00:06"]

1. d4 d6 2. c4 e5 3. Nf3 exd4 4. Nxd4 g6 5. g3 Bg7 6. Bg2 Ne7 7. O-O Nbc6 8. Nc2 O-O 9. Nc3 Bf5 10. e4 Be6 11. Nd5 Ne5 12. Nce3 c6 13. Nxe7+ Qxe7 14. Qc2 c5 15. Rb1 Nc6 16. b3 Nd4 17. Qd3 a6 18. Bb2 Rab8 19. f4 f5 20. exf5 Nxf5 21. Bxg7 Qxg7 22. Rbe1 Qd4 23. Qxd4 Nxd4 24. Nd5 Kf7 25. Nc7 Kf6 26. Nxe6 Nxe6 27. Bd5 Nd4 28. Re4 Rfe8 29. Kf2 Rxe4 30. Bxe4 Re8 31. Bd3 b5 32. h3 b4 33. Re1 Rxe1 34. Kxe1 a5 35. Kf2 h6 36. Ke3 g5 37. Ke4 gxf4 38. gxf4 Ke6 39. f5+ Nxf5 40. Kf4 Nd4 41. Be4 Kf6 42. Bd3 Ne6+ 43. Ke4 Nc7 44. Be2 Ke6 45. Bg4+ Kf6 46. Bd7 Kg5 47. Bc8 Kh4 48. Bd7 Kg5 49. Bc8 Kg6 50. Bd7 Kf7 51. Bg4 Ke7 52. Bf5 Kf6 53. Bd7 h5 54. Bc8 h4 55. Bd7 Kg5 56. Bc8 Kg6 57. Bd7 Kf6 58. Bc8 Ke7 59. Bg4 Kd8 60. Bf5 Ne8 61. Kf4 Ke7 62. Kg5 Nc7 63. Be4 d5 64. Bxd5 Nxd5 65. cxd5 c4 66. bxc4 a4 67. Kf4 b3 68. axb3 axb3 69. c5 b2 70. d6+ Kd7 71. Ke5 b1=Q 72. Kd5 Qd3+ 73. Ke5 Qe3+ 74. Kf5 Qxc5+ 75. Kg4 Qxd6 76. Kxh4 Qd1 77. Kg5 Ke6 78. h4 Qg1+ 0-1


[Site "https://www.chess.com"]

[Event "Titled Tuesday Blitz March 08 Late 2022"]
[White "Curtis, John"]
[Black "Maranhao,Jose Renato Ruiz"]
[WhiteFideId "3200256"]
[BlackFideId "2135175"]
[WhiteElo "2203"]
[BlackElo "1970"]
[Result "1-0"]
[Round "05"]
[TimeControl "180+1"]
[Date "2022.03.09"]
[WhiteClock "0:01:21"]
[BlackClock "0:00:04"]

1. Nf3 Nf6 2. c4 g6 3. g3 Bg7 4. Bg2 c5 5. O-O O-O 6. d4 d6 7. Nc3 Bg4 8. dxc5 dxc5 9. Qxd8 Rxd8 10. Be3 Nbd7 11. Rac1 Rac8 12. b3 a6 13. h3 Bf5 14. g4 Be6 15. Ng5 b6 16. Nxe6 fxe6 17. Bb7 Rc7 18. Bxa6 h5 19. f3 Ne5 20. Bb5 Ra7 21. a4 hxg4 22. hxg4 Kf7 23. Rfd1 Raa8 24. Rxd8 Rxd8 25. a5 bxa5 26. Bxc5 Rd2 27. Bb6 Nfxg4 28. fxg4 Nxg4 29. Bxa5 Bxc3 30. Bxc3 Rxe2 31. Bc6 e5 32. Bf3 1-0


[Site "https://www.chess.com"]

[Event "Titled Tuesday Blitz March 08 Late 2022"]
[White "Dardha, Daniel"]
[Black "Nakamura, Hikaru"]
[WhiteFideId "240990"]
[BlackFideId "2016192"]
[WhiteElo "2482"]
[BlackElo "2850"]
[Result "0-1"]
[Round "05"]
[TimeControl "180+1"]
[Date "2022.03.08"]
[WhiteClock "0:00:35"]
[BlackClock "0:01:20"]

1. d4 g6 2. c4 Bg7 3. Nc3 c5 4. Nf3 Nc6 5. d5 Na5 6. e4 d6 7. Qc2 Nf6 8. h3 O-O 9. Be3 a6 10. a4 e5 11. Bd3 Nh5 12. Ne2 f5 13. exf5 gxf5 14. g4 e4 15. gxh5 exd3 16. Qxd3 b5 17. axb5 axb5 18. Rg1 Kh8 19. Rxg7 Kxg7 20. Bg5 Qc7 21. Qc3+ Kg8 22. O-O-O Nxc4 23. b3 b4 24. Qxc4 Ra1+ 25. Kd2 Ra2+ 26. Kc1 Ba6 27. Qf4 Qg7 28. Ned4 cxd4 29. Bh6 Qc7+ 0-1


[Site "https://www.chess.com"]

[Event "Titled Tuesday Blitz March 08 Late 2022"]
[White "Derige Kane, Yan"]
[Black "Csonka, Balazs"]
[WhiteFideId "20665431"]
[BlackFideId "742910"]
[WhiteElo "2169"]
[BlackElo "2404"]
[Result "1-0"]
[Round "05"]
[TimeControl "180+1"]
[Date "2022.03.09"]
[WhiteClock "0:01:19"]
[BlackClock "0:00:01"]

1. d4 Nf6 2. Bg5 Ne4 3. Bh4 c5 4. f3 g5 5. fxe4 gxh4 6. e3 Nc6 7. d5 Ne5 8. Nf3 Bg7 9. Nbd2 d6 10. Bb5+ Bd7 11. Bxd7+ Qxd7 12. O-O h3 13. g3 Rg8 14. Nxe5 Bxe5 15. Qh5 Bf6 16. Qxh7 Rh8 17. Qf5 Qxf5 18. Rxf5 Bxb2 19. Rb1 Bc3 20. Nc4 b6 21. e5 Bxe5 22. Nxe5 dxe5 23. Rxe5 Rd8 24. c4 Rd6 25. a4 Kd7 26. e4 e6 27. Rf1 Ke7 28. Rg5 exd5 29. exd5 Re8 30. Rg7 Rf6 31. Rh7 Rxf1+ 32. Kxf1 Kf6 33. Rxh3 Re3 34. Rh4 Ra3 35. Rf4+ Ke7 36. h4 Rxg3 37. Kf2 Ra3 38. h5 Rh3 39. Rf5 f6 40. Ke2 Kf7 41. d6 Ke6 42. Rd5 Kd7 43. Kf2 a6 44. Kg2 Rh4 45. Kg3 Rh1 46. Kg2 Rh4 47. Rf5 1-0


[Site "https://www.chess.com"]

[Event "Titled Tuesday Blitz March 08 Late 2022"]
[White "Dilmukhametov, Artur"]
[Black "Papasimakopoulos, Alexandros"]
[WhiteFideId "24179922"]
[BlackFideId "4244125"]
[WhiteElo "2237"]
[BlackElo "2340"]
[Result "0-1"]
[Round "05"]
[TimeControl "180+1"]
[Date "2022.03.08"]
[WhiteClock "0:00:01"]
[BlackClock "0:01:20"]

1. d4 e6 2. e4 d5 3. Nd2 Nf6 4. e5 Nfd7 5. Bd3 c5 6. c3 Nc6 7. Ne2 cxd4 8. cxd4 f6 9. Nf4 Nxd4 10. Qh5+ Ke7 11. exf6+ Nxf6 12. Ng6+ hxg6 13. Qxh8 Kf7 14. Qh4 e5 15. Nf3 Nxf3+ 16. gxf3 Bf5 17. Bxf5 gxf5 18. Bg5 Qa5+ 19. Kf1 g6 20. Qh8 Qa6+ 21. Kg2 Rd8 22. Rac1 Be7 23. Qh4 Qd6 24. Rc2 d4 25. Rhc1 d3 26. Qc4+ Kg7 27. Rd2 Nh5 28. Qc7 Kf8 29. Qxd6 Rxd6 30. Bxe7+ Kxe7 31. Rc7+ Kf6 32. Rxb7 a6 33. a4 Nf4+ 34. Kf1 e4 35. fxe4 fxe4 36. a5 Nd5 37. Rd1 Ke5 38. Ke1 Kd4 39. Kd2 Rf6 40. Rf1 g5 41. Rd7 g4 42. Rd8 Rf7 43. Rd6 Rb7 44. Kc1 Rc7+ 45. Kb1 Rb7 46. Rg1 Ke5 47. Rxa6 Nc3+ 48. Ka1 Ne2 49. Rd1 Nd4 50. Rb6 Ra7 51. a6 Kd5 52. Rg6 Nc2+ 53. Kb1 Nb4 54. Kc1 Nxa6 55. Rxg4 Nc5 56. Kd2 Kd4 57. Ke1 Rf7 58. Kf1 Na4 0-1


[Site "https://www.chess.com"]

[Event "Titled Tuesday Blitz March 08 Late 2022"]
[White "Domingo Nunez, Alejandro"]
[Black "Mickiewicz, Piotr"]
[WhiteFideId "22245561"]
[BlackFideId "1114891"]
[WhiteElo "2215"]
[BlackElo "2266"]
[Result "0-1"]
[Round "05"]
[TimeControl "180+1"]
[Date "2022.03.09"]
[WhiteClock "0:00:03"]
[BlackClock "0:00:52"]

1. Nf3 d5 2. g3 Nf6 3. Bg2 Bf5 4. O-O e6 5. b3 h6 6. Bb2 a5 7. a4 Be7 8. d3 O-O 9. Nbd2 Bh7 10. Ne5 Nfd7 11. Nxd7 Nxd7 12. e4 c6 13. Qe2 Bf6 14. e5 Be7 15. Kh1 b5 16. f4 bxa4 17. Rxa4 Nb6 18. Ra2 a4 19. Rfa1 axb3 20. Nxb3 Rxa2 21. Rxa2 Qc7 22. Qd2 c5 23. Ra6 c4 24. Nd4 cxd3 25. cxd3 Ra8 26. Qa5 Rxa6 27. Qxa6 Bc5 28. Nb5 Qc6 29. Bf1 Be3 30. Nd6 Bg6 31. Qb5 Qc2 32. Qe8+ Kh7 33. Nxf7 Be4+ 34. dxe4 Qxe4+ 35. Bg2 Qb1+ 36. Bf1 Qxf1# 0-1


[Site "https://www.chess.com"]

[Event "Titled Tuesday Blitz March 08 Late 2022"]
[White "Dubov, Daniil"]
[Black "Tari, Aryan"]
[WhiteFideId "24126055"]
[BlackFideId "1510045"]
[WhiteElo "2791"]
[BlackElo "2567"]
[Result "1-0"]
[Round "05"]
[TimeControl "180+1"]
[Date "2022.03.08"]
[WhiteClock "0:00:05"]
[BlackClock "0:00:02"]

1. d4 d5 2. Nf3 Nf6 3. c4 e6 4. g3 Bd6 5. Nc3 h6 6. Bg2 O-O 7. O-O Nc6 8. b3 dxc4 9. bxc4 e5 10. Nxe5 Nxe5 11. c5 Bxc5 12. dxc5 Qe7 13. Bf4 Rd8 14. Qb3 c6 15. Rfd1 Be6 16. Qb4 Rxd1+ 17. Rxd1 a5 18. Qd4 Nc4 19. e4 Nd7 20. Bf1 b5 21. cxb6 Ndxb6 22. Bd6 Qxd6 23. Qxd6 Nxd6 24. Rxd6 Rc8 25. Ba6 Rc7 26. Rd8+ Kh7 27. f4 g6 28. Kf2 Kg7 29. Ke3 Nd7 30. Ra8 Nb6 31. Rb8 Nd7 32. Rd8 Nc5 33. Be2 Rb7 34. Ra8 Rb2 35. Rxa5 Nb7 36. Ra7 Nd6 37. Ra6 Nb5 38. Nxb5 cxb5 39. a3 b4 40. axb4 Rxe2+ 41. Kxe2 Bc4+ 42. Ke3 Bxa6 43. g4 Kf6 44. Kd4 Ke6 45. h4 Be2 46. g5 hxg5 47. hxg5 Kd6 48. Ke3 Bf1 49. Kd4 Ba6 50. Ke3 Ke6 51. Kd4 Bf1 52. Kc5 Be2 53. Kd4 Kd6 54. Ke3 Bb5 55. Kd4 Kc6 56. Ke5 Bd3 57. f5 Kb5 58. fxg6 fxg6 59. Kd5 Kb6 60. e5 Kc7 61. Ke6 Kd8 62. Kf7 Kd7 63. e6+ Kd6 64. e7 Bc4+ 65. Kf8 Bb5 66. e8=Q 1-0


[Site "https://www.chess.com"]

[Event "Titled Tuesday Blitz March 08 Late 2022"]
[White "Fiorito, Fabian"]
[Black "Al-Tarboush, Ward"]
[WhiteFideId "100200"]
[BlackFideId "7601450"]
[WhiteElo "2395"]
[BlackElo "2276"]
[Result "1-0"]
[Round "05"]
[TimeControl "180+1"]
[Date "2022.03.09"]
[WhiteClock "0:00:17"]
[BlackClock "0:00:10"]

1. d4 d5 2. Nc3 Nf6 3. Bf4 e6 4. Nb5 Na6 5. e3 c6 6. Nc3 Bb4 7. Bxa6 bxa6 8. Nf3 Qa5 9. O-O Bxc3 10. bxc3 Qxc3 11. Ne5 O-O 12. Rb1 Bd7 13. Rb7 Be8 14. Bg5 h6 15. Bxf6 gxf6 16. Ng4 Kg7 17. Qf3 f5 18. Ne5 Qxc2 19. Qg3+ Kh8 20. Qh4 Kg7 21. Qh5 f4 22. exf4 Qf5 23. Qxf5 exf5 24. Rc1 Kh8 25. Rc5 Rc8 26. Rxa7 f6 27. Nf3 Rf7 28. Rxa6 Rb7 29. h3 Rb1+ 30. Kh2 Rb2 31. Kg3 Bd7 32. Nh4 Rg8+ 33. Kf3 Rd2 34. Ra7 Be8 35. Nxf5 Bg6 36. Nxh6 Be4+ 37. Ke3 Rd3+ 38. Ke2 Re8 39. Nf7+ Kg8 40. Nd6 Rb8 41. Nxe4 dxe4 42. Rc2 Rxd4 43. Ra6 f5 44. Raxc6 Rb5 45. R6c5 Rxc5 46. Rxc5 Ra4 47. Rxf5 Rxa2+ 48. Ke3 Ra4 49. Re5 Kf7 50. Rxe4 Ra3+ 51. Ke2 Kf6 52. Re5 Ra2+ 53. Kf3 Ra3+ 54. Kg4 Ra2 55. g3 Rxf2 56. h4 Ra2 57. h5 Ra8 58. Rg5 Rh8 59. Rg6+ Kf7 60. Kg5 Rh7 61. h6 Rh8 62. f5 Kf8 63. Rg7 Ke8 64. Kg6 Kf8 65. f6 Ke8 66. h7 Kf8 67. Ra7 1-0


[Site "https://www.chess.com"]

[Event "Titled Tuesday Blitz March 08 Late 2022"]
[White "Gadimbayli, Abdulla"]
[Black "Kovanova, Baira"]
[WhiteFideId "13404938"]
[BlackFideId "4164083"]
[WhiteElo "2311"]
[BlackElo "2190"]
[Result "1-0"]
[Round "05"]
[TimeControl "180+1"]
[Date "2022.03.09"]
[WhiteClock "0:00:11"]
[BlackClock "0:00:07"]

1. e4 e5 2. Nf3 Nc6 3. Nc3 Nf6 4. d4 exd4 5. Nxd4 Bb4 6. Nxc6 bxc6 7. Bd3 O-O 8. O-O d5 9. exd5 cxd5 10. Bg5 c6 11. Qf3 Bd6 12. Rae1 Rb8 13. Nd1 h6 14. Bxf6 Qxf6 15. Qxf6 gxf6 16. b3 Be6 17. Ne3 c5 18. Nf5 Bxf5 19. Bxf5 Rfe8 20. Bd7 Re5 21. Bc6 Rd8 22. g3 Kg7 23. f4 Rxe1 24. Rxe1 c4 25. Kg2 Bc5 26. Rd1 cxb3 27. axb3 d4 28. Be4 Re8 29. Kf3 Re7 30. Ra1 Bb6 31. Ra4 h5 32. Rc4 Rc7 33. Rxc7 Bxc7 34. Bd3 Bb6 35. Ke4 Bc5 36. Kf5 Bb6 37. Be2 h4 38. gxh4 Bc7 39. h5 Kh6 40. h3 Bd6 41. Kg4 Bc7 42. Bc4 Kg7 43. Kf5 Bd6 44. h6+ Kxh6 45. Bxf7 Kg7 46. Bc4 Bc7 47. Be2 Bd6 48. h4 Bc7 49. h5 Bd6 50. Ke4 Bc7 51. f5 Bb6 52. Kd5 Kh6 53. Ke6 Kg7 54. h6+ Kxh6 55. Kxf6 Bd8+ 56. Ke5 Kg5 57. Bd3 Bf6+ 58. Kd6 Bd8 59. Kd7 Ba5 60. Ke7 Bb4+ 61. Kf7 Bd6 62. Ke6 Bf8 63. f6 Kh6 64. Kf7 Bd6 65. Kg8 Be5 66. f7 Bd6 67. f8=Q+ Bxf8 68. Kxf8 Kg5 69. Ke7 1-0


[Site "https://www.chess.com"]

[Event "Titled Tuesday Blitz March 08 Late 2022"]
[White "Gerbelli Neto, Eduardo"]
[Black "Ozates, Tuna"]
[WhiteFideId "2103281"]
[BlackFideId "6354521"]
[WhiteElo "2178"]
[BlackElo "1887"]
[Result "0-1"]
[Round "05"]
[TimeControl "180+1"]
[Date "2022.03.09"]
[WhiteClock "0:00:56"]
[BlackClock "0:01:53"]

1. e4 c5 2. Nc3 Nc6 3. f4 g6 4. Nf3 Bg7 5. Bc4 e6 6. f5 Nge7 7. fxe6 dxe6 8. d3 O-O 9. O-O Nd4 10. Be3 Rb8 11. Qd2 b5 12. Bb3 Nec6 13. Bf4 b4 14. Ne2 Nxf3+ 15. Rxf3 Ne5 16. Rff1 a5 17. c3 Ba6 18. c4 Rb7 19. Bc2 Rd7 20. Rad1 Nxc4 21. Qe1 Nxb2 22. Rd2 Nxd3 23. Bxd3 Rxd3 0-1


[Site "https://www.chess.com"]

[Event "Titled Tuesday Blitz March 08 Late 2022"]
[White "Gledura, Benjamin"]
[Black "Derraugh, Geordie"]
[WhiteFideId "712779"]
[BlackFideId "2603950"]
[WhiteElo "2326"]
[BlackElo "2116"]
[Result "0-1"]
[Round "05"]
[TimeControl "180+1"]
[Date "2022.03.08"]
[WhiteClock "0:00:18"]
[BlackClock "0:00:16"]

1. e4 c5 2. Nf3 d6 3. Nc3 Nf6 4. e5 dxe5 5. Nxe5 e6 6. Bb5+ Nbd7 7. d4 cxd4 8. Qxd4 a6 9. Bc6 bxc6 10. Nxc6 Qc7 11. Nb4 Bc5 12. Qh4 Qe5+ 13. Ne2 Qe4 14. Qxe4 Nxe4 15. Nd3 Bb6 16. Bf4 f6 17. f3 Nec5 18. O-O-O e5 19. Bg3 a5 20. Nc3 Nxd3+ 21. Rxd3 Ba6 22. Rdd1 Be3+ 23. Kb1 Nb6 24. Rhe1 Bc5 25. f4 O-O 26. fxe5 f5 27. e6 Rfe8 28. Bd6 Bb4 29. e7 Rac8 30. Bxb4 axb4 31. Rd6 bxc3 32. Rxb6 Bc4 33. b3 Bf7 34. Rb7 g6 35. a4 Bd5 36. Rd7 Bxg2 37. a5 Be4 38. a6 Kf7 39. a7 Rxe7 40. Rxe7+ Kxe7 41. Re3 Kd6 42. Rh3 h5 43. Re3 Ke5 44. a8=Q Rxa8 45. Rxc3 f4 46. Kc1 Kd4 47. Kd2 Rf8 48. Rc4+ Ke5 49. Ke2 g5 50. Rc5+ Kf6 51. Rc4 Kf5 52. Kf2 Rd8 53. Ke2 g4 54. Rc5+ Rd5 55. Rc8 f3+ 56. Ke3 Re5 57. Rf8+ Kg5 58. c4 Bc2+ 59. Kf2 Re2+ 60. Kf1 Bxb3 61. c5 Rxh2 62. c6 Rc2 63. Rc8 g3 0-1


[Site "https://www.chess.com"]

[Event "Titled Tuesday Blitz March 08 Late 2022"]
[White "Goltseva, Ekaterina"]
[Black "Babazada, Khazar"]
[WhiteFideId "24173770"]
[BlackFideId "13413554"]
[WhiteElo "2140"]
[BlackElo "2418"]
[Result "1-0"]
[Round "05"]
[TimeControl "180+1"]
[Date "2022.03.08"]
[WhiteClock "0:00:08"]
[BlackClock "0:00:04"]

1. d4 Nf6 2. c4 g6 3. Nc3 Bg7 4. e4 d6 5. Nge2 O-O 6. Ng3 h5 7. Be2 h4 8. Nf1 h3 9. g4 Na6 10. Ng3 e5 11. d5 c6 12. Be3 cxd5 13. cxd5 Bd7 14. f3 Rc8 15. Bxa6 bxa6 16. Bxa7 Rxc3 17. bxc3 Qc7 18. Be3 Qxc3+ 19. Kf2 Rb8 20. Rb1 Rxb1 21. Qxb1 Bxg4 22. Rc1 Qa5 23. fxg4 Nxg4+ 24. Ke2 Nxe3 25. Rc8+ Kh7 26. Kxe3 Bh6+ 27. Kf3 Qd2 28. Kg4 Qxh2 29. Rc2 Bd2 30. Qd1 f5+ 31. exf5 gxf5+ 32. Kxf5 Qf2+ 33. Ke6 Qxg3 34. Qxd2 Qg6+ 35. Kd7 Qf5+ 36. Kc6 e4 37. Qe2 e3 38. Rc4 h2 39. Rh4+ Kg7 40. Rxh2 Qc8+ 41. Kxd6 Qd8+ 42. Ke5 Qe7+ 43. Kd4 Qb4+ 44. Kxe3 Qc3+ 45. Kf2 Qd4+ 46. Qe3 Qb2+ 47. Qe2 Qd4+ 48. Kf1 Qf4+ 49. Rf2 1-0


[Site "https://www.chess.com"]

[Event "Titled Tuesday Blitz March 08 Late 2022"]
[White "Golubev, Mikhail"]
[Black "Vine, Elzbieta"]
[WhiteFideId "14100983"]
[BlackFideId "1119320"]
[WhiteElo "2374"]
[BlackElo "1821"]
[Result "1-0"]
[Round "05"]
[TimeControl "180+1"]
[Date "2022.03.09"]
[WhiteClock "0:00:22"]
[BlackClock "0:00:38"]

1. e4 c5 2. Nf3 d6 3. d4 cxd4 4. Nxd4 Nf6 5. Nc3 a6 6. Bc4 b5 7. Bb3 Bb7 8. O-O g6 9. f4 Bg7 10. e5 Ne4 11. e6 f5 12. Nxf5 Bxc3 13. bxc3 Nxc3 14. Ng7+ Kf8 15. Qd3 Ne4 16. Bb2 Rg8 17. f5 Rxg7 18. fxg6+ Kg8 19. Bxg7 Kxg7 20. Rf7+ Kxg6 21. Raf1 Qb6+ 22. Kh1 a5 23. Qh3 h5 24. Qf5+ 1-0


[Site "https://www.chess.com"]